 Dungeon Crawl Stone Soup version 0.31.0-11-ge490571c62 (webtiles) character file.

Game seed: 11378168934125457116

52 CougarLife the Chopper (level 3, -4/34 HPs)
             Began as a Minotaur Berserker on Jan 29, 2024.
             Was a Believer of Trog.
             Slain by Sigmund
             ... wielding a +0 scythe
              (10 damage)
             ... on level 3 of the Dungeon.
             The game lasted 00:01:28 (1742 turns).

CougarLife the Chopper (Minotaur Berserker)         Turns: 1742, Time: 00:01:28

Health: -4/34      AC:  2    Str: 23    XL:     3   Next: 60%
Magic:  2/2        EV: 12    Int:  4    God:    Trog [**....]
Gold:   76         SH:  0    Dex:  9    Spells: 2/2 levels left

rFire   . . .        a - +0 hand axe
rCold   . . .        (no shield)
rNeg    . . .        b - +0 animal skin
rPois   .            (helmet restricted)
rElec   .            (no cloak)
rCorr   +            (no gloves)
SInv    .            (no boots)
Will    .....        (no amulet)
Stlth   +            n - ring of resist corrosion
HPRegen 0.25/turn    (no ring)
MPRegen 0.08/turn

%: no passive effects
@: studying Dodging
A: horns 2, retaliatory headbutt
a: Renounce Religion, Berserk, Trog's Hand


You were on level 3 of the Dungeon.
You worshipped Trog.
Trog was pleased with you.
You visited 1 branch of the dungeon, and saw 3 of its levels.

You collected 76 gold pieces.

Inventory:

Hand Weapons
 a - a +0 hand axe (weapon)
Missiles
 i - a throwing net (quivered)
 m - 3 poisoned darts
Armour
 b - a +0 animal skin (worn)
Jewellery
 n - a ring of resist corrosion (left hand)
Scrolls
 d - a scroll of blinking {unknown}
 f - a scroll of fog {unknown}
 g - a scroll of butterflies {unknown}
 h - a scroll of revelation {unknown}
 j - a scroll of poison {unknown}
 k - a scroll of noise {unknown}
Potions
 c - 2 potions of brilliance {unknown}
 e - a potion of mutation {unknown}
 l - a potion of might {unknown}
 o - a potion of attraction {unknown}
 p - a potion of magic {unknown}
 q - a potion of heal wounds {unknown}
 r - a potion of degeneration {unknown}


   Skills:
 + Level 4.3 Fighting
 * Level 5.0 Axes
 - Level 2.4 Armour
 - Level 2.1 Dodging


You had 2 spell levels left.
You didn't know any spells.
Your spell library was empty.

Dungeon Overview and Level Annotations

Branches:
Dungeon (3/15)

Altars:
Okawaru

Annotations:
D:3 Sigmund


Innate Abilities, Weirdness & Mutations

You have a pair of horns on your head.
You reflexively headbutt those who attack you in melee.


Message History

No target in view!
Done exploring.
No target in view!
Done exploring.
No target in view!
Done exploring.
No target in view!
You see here a +0 dagger.
There is a stone staircase leading down here.
You climb downwards.
Found a fuming purple potion.
There is a stone staircase leading up here.
There are monsters nearby!
There are monsters nearby!
The helpless rat fails to defend itself.
You slash the rat!
You kill the rat!
Trog accepts your kill.
Sigmund shouts!
Sigmund gestures at you while chanting.
You are confused.
You are too confused!
You are too confused!
You are too confused!
You are too confused!
Sigmund hits you from afar with a +0 scythe!
Sigmund points at you and mumbles some strange words.
The magic dart hits you!
You are too confused!
You hit Sigmund.
Sigmund is lightly wounded.
Sigmund closely misses you.
You feel less confused.
Sigmund hits you from afar with a +0 scythe!
* * * LOW HITPOINT WARNING * * *
You hit Sigmund.
Sigmund is moderately wounded.
Sigmund hits you with a +0 scythe!
You die...
Sigmund begins carving another notch in his scythe.

# ##########.
#. ..#......
#.###.#....#
#...#.#....#
#...@....#
#...@....#
#........#
♣##....#...#
♣.....<....#
.PP...####.#!#
♣PP... .#...
♣♣P... . ...
♣♣##. .. .. .#


You could see Sigmund.

Vanquished Creatures
  A dart slug (D:1)
  A bat (D:1)
  3 endoplasms
  5 giant cockroaches
  6 goblins
  2 hobgoblins (D:1)
  2 jackals (D:1)
  8 kobolds
  A quokka (D:1)
  4 ball pythons
  4 frilled lizards (D:2)
  10 rats
47 creatures vanquished.

Notes
Turn   | Place    | Note
-------+----------+-------------------------------------------
     0 | D:1      | CougarLife the Minotaur Berserker began the quest for the
                  | Orb.
     0 | D:1      | Reached XP level 1. HP: 19/19 MP: 0/0
    96 | D:1      | Reached skill level 4 in Axes
   122 | D:1      | Reached XP level 2. HP: 17/27 MP: 1/1
   472 | D:1      | Reached XP level 3. HP: 33/33 MP: 2/2
   494 | D:1      | Reached ** piety under Trog
   533 | D:1      | Found a faded altar of an unknown god.
   895 | D:1      | Found an iron altar of Okawaru.
  1191 | D:2      | Reached skill level 5 in Axes
  1731 | D:3      | Noticed Sigmund
  1742 | D:3      | Slain by Sigmund

Illustrated notes

Levels and vault maps discovered:
D:1:      dpeg_arrival_water_altar, layout_rooms, serial_co_window_serial,
          co_window_of_opportunity_a, co_window_paths_a, co_window_corner_a,
          co_window_of_opportunity_a, co_window_of_opportunity_a,
          co_window_paths_a, co_window_corner_a, co_window_of_opportunity_a,
          co_window_of_opportunity_a, co_window_broadway_a, co_window_2corner,
          co_window_broadway_a, co_window_cross_3, glass_columns_b,
          glass_columns_a, glass_columns_a, glass_columns_a,
          chequers_ecumenical_altar_simple_redux
D:2:      layout_loops_ring, nrook_mini_backslash, minmay_octomino_j4
D:3:      layout_basic, mainiacjoe_overflow_alcove_4,
          chequers_serial_rivers_small_3, uniq_sigmund, uniq_grinder,
          uniq_crazy_yiuf_cottage, uniq_jessica

Skill      XL: |  1  2  3 |
---------------+----------+-----
Axes           | 4 5 |  5.0
Fighting       | 4 |  4.3
Armour         | |  2.4
Dodging        | |  2.1

Action                     || total
---------------------------++-------
  Melee: Hand axe          ||    91
         Headbutt          ||    10
   Stab: Sleeping          ||     2
 Armour: Animal skin       ||    49
  Dodge: Dodged            ||    54
